 Dungeon Sprint DCSS version 0.21.1-1-g345015f (webtiles) character file.

291 wilfster70 the Slasher (level 6, -11/53 HPs)
             Began as a Demonspawn Berserker on June 21, 2018.
             Was a Believer of Trog.
             Mangled by a slime creature (16 damage)
             ... in the Dungeon (Sprint I: "Red Sonja").
             The game lasted 00:01:18 (314 turns).

wilfster70 the Slasher (Demonspawn Berserker)        Turns: 314, Time: 00:01:19

Health: -11/53     AC:  8    Str: 18    XL:     6   Next: 10%
Magic:  6/6        EV: 12    Int:  8    God:    Trog [**....]
Gold:   162        SH:  0    Dex: 14    Spells: 5/5 levels left

rFire    + . .     SeeInvis .   a - +0 falchion
rCold    . . .     Gourm    .   (no shield)
rNeg     . . .     Faith    .   k - +1 scale mail {rPois}
rPois    +         Spirit   .   (no helmet)
rElec    .         Reflect  .   (no cloak)
rCorr    .         Harm     .   (no gloves)
MR       .....     NoTele   +   (no boots)
Stlth    ..........             (no amulet)
HPRegen  0.17/turn              (no ring)
MPRegen  0.10/turn              (no ring)

@: berserk cooldown, slowed, very slow
A: fire resistance 1, spiny 1, flame cloud immunity
a: Berserk, Trog's Hand, Burn Spellbooks, Renounce Religion


You were in the Dungeon.
You worshipped Trog.
Trog was pleased with you.
You were hungry.

You visited 1 branch You collected 162 gold pieces.

Inventory:

Hand Weapons
 a - a +0 falchion (weapon)
Armour
 k - a +1 scale mail of poison resistance (worn)
Wands
 j - a wand of digging (8)
 l - a wand of flame (25)
Scrolls
 i - a scroll of blinking
Potions
 d - a potion of curing
 e - a potion of heal wounds
 f - a potion of haste
 g - 2 potions of magic
 h - a potion of berserk rage
Comestibles
 c - a ration


   Skills:
 + Level 6.4 Fighting
 * Level 7.9 Long Blades
 + Level 5.4 Armour
 + Level 5.4 Dodging


You had 5 spell levels left.
You didn't know any spells.

Dungeon Overview and Level Annotations

Branches:
Dungeon (1/1)

Altars:
Makhleb
Sif Muna
Vehumet
Wu Jian
Xom
Jiyva
Lugonu


Innate Abilities, Weirdness & Mutations

Your flesh is heat resistant. (rF+)
You are partially covered in sharp spines.
You are immune to clouds of flame.


Message History

You feel agile.
Your demonic ancestry asserts itself...
You feel less concerned about heat.
The slime creature is struck by your spines.
The slime creature hits you!
You're still recovering from your berserk rage.
The slime creature hits you!
* * * LOW HITPOINT WARNING * * *
The slime creature barely misses you.
You riposte.
You slash the slime creature!
The slime creature is lightly wounded.
There is an open door here.
Things that are here:
a scythe; a robe The slime creature jiggles.
The slime creature hits you.
* * * LOW HITPOINT WARNING * * *
There is an open door, spattered with blood here.
The slime creature jiggles.
The slime creature hits you!
You die...

###################
#<.#..'@J#.)'..#__#
#.[').#..'..#..'^.+
#..#####'#####'#__#
#..# #..# #)####
#..# #### #?# #..#
_.+ #⌠⌠# .._# ####
_.#+# ##+


You could see a slime creature.

Vanquished Creatures
  Sigmund (D)
  An ogre (D)
  A jelly (D)
  Ijyb (D)
4 creatures vanquished.

Vanquished Creatures (others)
  A gargoyle (D)
1 creature vanquished.

Grand Total: 5 creatures vanquished

Notes
Turn   | Place    | Note
-------+----------+-------------------------------------------
     0 | D        | wilfster70 the Demonspawn Berserker began the quest for the Orb.
     0 | D        | Reached XP level 1. HP: 18/18 MP: 1/1
     1 | D        | Noticed Ijyb
    10 | D        | Killed Ijyb
    10 | D        | Reached skill level 4 in Long Blades
    10 | D        | Gained mutation: You are partially covered in sharp spines. [demonic ancestry]
    10 | D        | Reached XP level 2. HP: 25/25 MP: 2/2
    74 | D        | Noticed an ogre
    84 | D        | Killed an ogre
    84 | D        | Reached skill level 5 in Fighting
    84 | D        | Reached skill level 6 in Long Blades
    84 | D        | Reached XP level 3. HP: 15/33 MP: 3/3
    84 | D        | Reached XP level 4. HP: 18/39 MP: 4/4
   250 | D        | Killed a gargoyle
   278 | D        | Noticed Sigmund
   285 | D        | Killed Sigmund
   285 | D        | Reached ** piety under Trog
   285 | D        | Reached skill level 7 in Long Blades
   285 | D        | Reached skill level 5 in Armour
   285 | D        | Reached skill level 5 in Dodging
   285 | D        | Gained mutation: Your flesh is heat resistant. (rF+) [demonic ancestry]
   285 | D        | Reached XP level 5. HP: 46/46 MP: 5/5
   300 | D        | Found a deep blue altar of Sif Muna.
   301 | D        | Found an ornate altar of the Wu Jian Council.
   302 | D        | Found a radiant altar of Vehumet.
   304 | D        | Found a viscous altar of Jiyva.
   304 | D        | Found a corrupted altar of Lugonu.
   304 | D        | Noticed a slime creature
   305 | D        | Found a burning altar of Makhleb.
   305 | D        | Found a shimmering altar of Xom.
   306 | D        | Gained mutation: You are immune to clouds of flame. [demonic ancestry]
   306 | D        | Reached XP level 6. HP: 30/53 MP: 6/6
   314 | D        | Mangled by a slime creature

Skill      XL: |  1  2  3  4 |
---------------+-------------+-----
Long Blades    | 4 6 7 |  7.9
Armour         | 2 4 5 |  5.4
Dodging        | 2 4 5 |  5.4
Fighting       | 5 6 |  6.4

Action                   |  1- 3 |  4- 6 || total
-------------------------+-------+-------++-------
Melee: Falchion          |    15 |     5 ||    20
Invok: Berserk           |     2 |     1 ||     3
Armor: Scale mail        |       |     4 ||     4
Dodge: Dodged            |     6 |     5 ||    11
       Rpst.: Falchion   |     1 |     4 ||     5
